 Dungeon Sprint DCSS version 0.30.1-4-g462c640d31 (webtiles) character file.

Game seed: 12011304447983900175

9180 Heoruswealwe the Executioner (level 11, -1/112 HPs)
             Began as a Hill Orc Fighter on Aug 28, 2023.
             Was the Champion of the Shining One.
             Slain by a demonic crawler (2 damage)
             ... in the Dungeon (Sprint I: "Red Sonja").
             The game lasted 00:18:30 (1804 turns).

Heoruswealwe the Executioner (Hill Orc Fighter)     Turns: 1804, Time: 00:18:32

Health: -1/112     AC:  9    Str: 24      XL:     11   Next: 42%
Magic:  22/23      EV: 10    Int:  8      God:    the Shining One [******]
Gold:   1890       SH:  4    Dex:  9 (10) Spells: 10/10 levels left

rFire   . . .        a - +3 war axe
rCold   . . .        d - +0 buckler
rNeg    + + +        c - +0 scale mail
rPois   .            (no helmet)
rElec   .            (no cloak)
rCorr   .            (no gloves)
SInv    .            (no boots)
Will    .....        (no amulet) Stlth
                     (no ring)
HPRegen 0.38/turn    (no ring)
MPRegen 0.18/turn

%: no teleportation
@: glowing
A: deterioration 1
a: Renounce Religion, Divine Shield, Cleansing Flame, Summon Divine Warrior,
Brand Weapon With Holy Wrath


You were in the Dungeon.
You worshipped the Shining One.
The Shining One was exalted by your worship.
You visited 1 branch You collected 2314 gold pieces.
You spent 424 gold pieces at shops.

Inventory:

Hand Weapons
 a - a +3 war axe (weapon)
Armour
 c - a +0 scale mail (worn)
 d - a +0 buckler (worn)
Wands
 e - a wand of paralysis (7)
 i - a wand of iceblast (3)
 k - a wand of digging (4)
Scrolls
 f - 10 scrolls of identify
 g - a scroll of blinking
 h - a scroll of fog
Potions
 b - 4 potions of curing
 j - a potion of lignification


   Skills:
 + Level 15.2 Fighting
 * Level 22.1 Axes
 + Level 14.0 Armour
 - Level 3.2 Shields
 + Level 16.0 Invocations


You had 10 spell levels left.
You didn't know any spells.
Your spell library contained the following spells:

 Spells                   Type           Power      Damage    Failure   Level
 Freeze                   Ice            0%         1d3       71%         1
 Frozen Ramparts          Ice            0%         1d1       97%         3
 Hailstorm                Conj/Ice       0%         3d3       97%         3


Dungeon Overview and Level Annotations

Branches:
Dungeon (1/1)

Altars:
Cheibriados
Dithmenos
Elyvilon
Fedhas
Gozag
Hepliaklqana
Kikubaaqudgha
Makhleb
Nemelex Xobeh
Okawaru
Qazlal
Ru
Sif Muna
Trog
Uskayaw
Vehumet
Wu Jian
Xom
Yredelemnul
Zin
The Shining One
Jiyva
Lugonu

Shops:
D *!(?(==?!(*[[*[[?


Innate Abilities, Weirdness & Mutations

Your body sometimes deteriorates upon taking damage.


Message History

The demonic crawler hits you but does no damage. x2
There is an open door here.
Your daeva blocks the demonic crawler's attack. x3
Your daeva hits the demonic crawler with a +5 scimitar of holy wrath!
The demonic crawler convulses!
Your daeva barely misses the demonic crawler.
Your daeva hits the demonic crawler with a +5 scimitar of holy wrath!
The demonic crawler convulses.
Your daeva hits the demonic crawler with a +5 scimitar of holy wrath.
The demonic crawler convulses.
The demonic crawler hits your daeva.
Your daeva blocks the demonic crawler's attack. x2
You hit the demonic crawler but do no damage.
The demonic crawler is lightly wounded.
You completely miss the demonic crawler.
The demonic crawler hits you. x4; The demonic crawler hits you!
You block the demonic crawler's attack.
Your daeva hits the demonic crawler with a +5 scimitar of holy wrath!!
The demonic crawler convulses!
The demonic crawler dies!
The Shining One accepts your kill.
Your Invocations skill increases to level 16!
The demonic crawler attacks as you move away!
The demonic crawler hits you but does no damage.
The demonic crawler closely misses you. The demonic crawler hits you!
You block the demonic crawler's attack. The demonic crawler hits you!
Your body deteriorates!
You feel clumsy. The demonic crawler barely misses you.
The demonic crawler attacks as you move away!
The demonic crawler barely misses you. The demonic crawler hits you. x2
The demonic crawler attacks as you move away!
The demonic crawler hits you! x2
* * * LOW HITPOINT WARNING * * *
You block the demonic crawler's attack. The demonic crawler hits you!
* * * LOW HITPOINT WARNING * * *
The demonic crawler hits you.
* * * LOW HITPOINT WARNING * * *
The demonic crawler hits you!
* * * LOW HITPOINT WARNING * * *
The demonic crawler hits you.
You die...

########################*********
.#..)..#..'..#__#s.')..#,,*,,,,+,
.!..#..').#..'..@ss#)A.##+#,****,
.#####'#####'#__####...'..#,*,***
.####..#...#.####§§#####..+,*+*,*
.#__####..##)#~§§§§#..#*+##**,,,*
.#_____##'#_.+~~§§.+..#,,,,,*,,,*
⌠#_.∩...'..._#§~~§§#..#,,,,,+,,,,
.#_..__##_.#'##+#####'###,,,*,,,,
.#_____###'#.#)().###.+.#,,,***++
##########.####'###.###.#,,***,,*


You could see 3 demonic crawlers.

Vanquished Creatures
  2 centaur warriors (D)
  Sonja (D)
  A deep troll (D)
  An oklob plant (D)
  2 kobold demonologists (D)
  2 unseen horrors (D)
  A hornet (D)
  Sigmund (D)
  A slime creature (D)
  A yak (D)
  2 redbacks (D)
  5 floating eyes (D)
  An ogre (D)
  7 necrophages (D)
  8 jellies (D)
  Ijyb (D)
37 creatures vanquished.

Vanquished Creatures (collateral kills)
  8 shining eyes (D)
  A demonic crawler (D)
  A floating eye (D)
10 creatures vanquished.

Vanquished Creatures (others)
  2 ballistomycete spores (D)
2 creatures vanquished.

Grand Total: 49 creatures vanquished

Notes
Turn   | Place    | Note
-------+----------+-------------------------------------------
     0 | D        | Heoruswealwe the Hill Orc Fighter began the quest for the
                  | Orb.
     0 | D        | Reached XP level 1. HP: 19/19 MP: 1/1
     1 | D        | Noticed Ijyb
    11 | D        | Killed Ijyb
    12 | D        | Reached skill level 5 in Axes
    12 | D        | Reached XP level 2. HP: 17/28 MP: 1/4
    12 | D        | Reached XP level 3. HP: 20/34 MP: 1/5
    67 | D        | Noticed an ogre
    71 | D        | Killed an ogre
    72 | D        | Reached skill level 8 in Axes
    72 | D        | Reached skill level 5 in Armour
    72 | D        | Reached skill level 5 in Invocations
    72 | D        | Reached XP level 4. HP: 24/44 MP: 5/7
   145 | D        | Noticed Sigmund
   155 | D        | Killed Sigmund
   156 | D        | Reached skill level 10 in Axes
   156 | D        | Reached XP level 5. HP: 40/52 MP: 7/10
   156 | D        | Reached XP level 6. HP: 47/60 MP: 7/11
   200 | D        | Found an ornate altar of the Wu Jian Council.
   200 | D        | Found a shimmering blue altar of Sif Muna.
   202 | D        | Found a radiant altar of Vehumet.
   233 | D        | Found Tempaw's Distillery.
   233 | D        | Found an ancient bone altar of Kikubaaqudgha.
   233 | D        | Found a hazy altar of Hepliaklqana.
   233 | D        | Found a stormy altar of Qazlal.
   233 | D        | Found a hide-covered altar of Uskayaw.
   233 | D        | Found a blossoming altar of Fedhas.
   233 | D        | Found a bloodstained altar of Trog.
   233 | D        | Found an iron altar of Okawaru.
   233 | D        | Found a basalt altar of Yredelemnul.
   233 | D        | Found a glowing golden altar of the Shining One.
   233 | D        | Found a snail-covered altar of Cheibriados.
   233 | D        | Found a sacrificial altar of Ru.
   233 | D        | Found a glowing silver altar of Zin.
   233 | D        | Found a shadowy altar of Dithmenos.
   233 | D        | Found a white marble altar of Elyvilon.
   233 | D        | Noticed a yak
   246 | D        | Killed a yak
   247 | D        | Reached skill level 12 in Axes
   247 | D        | Reached XP level 7. HP: 30/69 MP: 11/13
   247 | D        | Found an opulent altar of Gozag.
   248 | D        | Found a sparkling altar of Nemelex Xobeh.
   254 | D        | Became a worshipper of the Shining One
   380 | D        | Found a burning altar of Makhleb.
   380 | D        | Found a viscous altar of Jiyva.
   380 | D        | Found a shimmering altar of Xom.
   380 | D        | Found a corrupted altar of Lugonu.
   380 | D        | Noticed a slime creature
   387 | D        | Killed a slime creature
   538 | D        | Noticed a kobold demonologist
   538 | D        | Reached * piety under the Shining One
   539 | D        | Noticed a kobold demonologist
   542 | D        | Reached skill level 13 in Axes
   547 | D        | Killed a kobold demonologist
   547 | D        | Reached ** piety under the Shining One
   548 | D        | Reached skill level 10 in Fighting
   548 | D        | Reached skill level 14 in Axes
   548 | D        | Reached skill level 10 in Invocations
   548 | D        | Reached XP level 8. HP: 79/79 MP: 13/15
   555 | D        | Killed a kobold demonologist
   556 | D        | Reached skill level 15 in Axes
   570 | D        | Noticed a centaur warrior
   570 | D        | Noticed a centaur warrior
   579 | D        | Killed a centaur warrior
   580 | D        | Reached skill level 16 in Axes
   580 | D        | Reached skill level 10 in Armour
   580 | D        | Reached XP level 9. HP: 62/89 MP: 15/17
   581 | D        | Killed a centaur warrior
   582 | D        | Reached skill level 17 in Axes
   586 | D        | Noticed a deep troll
   591 | D        | Killed a deep troll
   636 | D        | Found Moforai's Armour Emporium.
   741 | D        | Noticed a hornet
   741 | D        | Reached *** piety under the Shining One
   751 | D        | Paralysed by a hornet for 2 turns
   753 | D        | Killed a hornet
   754 | D        | Reached skill level 18 in Axes
   885 | D        | Noticed an oklob plant
   895 | D        | Killed an oklob plant
   896 | D        | Reached XP level 10. HP: 70/100 MP: 19/19
  1107 | D        | Noticed an unseen horror
  1107 | D        | Noticed an unseen horror
  1112 | D        | Killed an unseen horror
  1113 | D        | Reached skill level 19 in Axes
  1120 | D        | Killed an unseen horror
  1182 | D        | Reached **** piety under the Shining One
  1403 | D        | Reached ***** piety under the Shining One
  1409 | D        | Reached ****** piety under the Shining One
  1429 | D        | Identified the +9 rapier of Huawimug {antimagic, rPois rF-
                  | Dex+3}
  1445 | D        | Found Toxod's Magic Scroll Shoppe.
  1445 | D        | Found Qikhliney's Antique Weapon Shop.
  1445 | D        | Found Ryronlikoe's Weapon Boutique.
  1451 | D        | Found Sath's General Store.
  1451 | D        | Found Enussuaq's Magic Scroll Emporium.
  1451 | D        | Found Zuhas's Armour Emporium.
  1483 | D        | Found Bunoud's Armour Boutique.
  1483 | D        | Found Koafusa's Armour Shoppe.
  1483 | D        | Found Kutocarph's Assorted Antiques.
  1483 | D        | Found Novonn's Weapon Emporium.
  1483 | D        | Found Ovicaics's Distillery.
  1483 | D        | Found Ysutaami's Magic Scroll Shoppe.
  1483 | D        | Found Ytytont's Jewellery Shop.
  1485 | D        | Bought a scroll of identify for 22 gold pieces
  1485 | D        | Bought a scroll of identify for 22 gold pieces
  1485 | D        | Bought a scroll of identify for 22 gold pieces
  1486 | D        | Bought a scroll of identify for 28 gold pieces
  1486 | D        | Bought a scroll of identify for 28 gold pieces
  1487 | D        | Found Ossu Qeisi's Jewellery Emporium.
  1490 | D        | Bought a scroll labelled VALAETYOMAH for 20 gold pieces
  1490 | D        | Bought a cyan potion for 18 gold pieces
  1493 | D        | Bought a scroll of identify for 26 gold pieces
  1493 | D        | Bought a scroll of identify for 26 gold pieces
  1493 | D        | Bought a scroll of identify for 26 gold pieces
  1497 | D        | Bought a scroll of identify for 28 gold pieces
  1497 | D        | Bought a scroll of identify for 28 gold pieces
  1497 | D        | Bought a scroll of identify for 28 gold pieces
  1520 | D        | Bought a scroll of magic mapping for 82 gold pieces
  1535 | D        | Noticed Sonja
  1540 | D        | Killed Sonja
  1541 | D        | Reached skill level 20 in Axes
  1691 | D        | Found Ydecow's General Store.
  1699 | D        | Bought a scroll of identify for 20 gold pieces
  1708 | D        | Noticed a shining eye
  1708 | D        | Noticed a shining eye
  1708 | D        | Noticed a shining eye
  1708 | D        | Gained mutation: Your body sometimes deteriorates upon
                  | taking damage. [a shining eye]
  1709 | D        | Paralysed by a floating eye for 3 turns
  1714 | D        | Killed a shining eye
  1717 | D        | Killed a shining eye
  1717 | D        | Paralysed by a floating eye for 3 turns
  1718 | D        | Reached skill level 15 in Invocations
  1718 | D        | Reached XP level 11. HP: 110/110 MP: 14/22
  1721 | D        | Killed a shining eye
  1723 | D        | Reached skill level 21 in Axes
  1724 | D        | Noticed a shining eye
  1724 | D        | Noticed a shining eye
  1724 | D        | Noticed a shining eye
  1730 | D        | Killed a shining eye
  1731 | D        | Killed a shining eye
  1734 | D        | Killed a shining eye
  1736 | D        | Noticed a shining eye
  1736 | D        | Noticed a shining eye
  1740 | D        | Paralysed by a floating eye for 3 turns
  1750 | D        | Paralysed by a floating eye for 3 turns
  1751 | D        | Killed a shining eye
  1752 | D        | Reached skill level 15 in Fighting
  1757 | D        | Killed a shining eye
  1758 | D        | Reached skill level 22 in Axes
  1804 | D        | HP: 1/112 [demonic crawler (10)]
  1804 | D        | Slain by a demonic crawler

Illustrated notes

Levels and vault maps discovered:
D:        dungeon_sprint_1 [red_sonja_temple_1, red_sonja_temple_small_1]

Skill      XL: |  1  2  3  4  5  6  7  8  9 10 11 |
---------------+----------------------------------+-----
Fighting       | 4 6 7 8 10 11 12 14 15 | 15.2
Axes           | 5 8 10 12 14 16 18 20 22 | 22.1
Armour         | 4 5 6 7 9 10 11 13 14 | 14.0
Invocations    | 3 5 7 8 10 11 13 15 16 | 16.0
Shields        | |  3.2

Action                     |  1- 3 |  4- 6 |  7- 9 | 10-12 || total
---------------------------+-------+-------+-------+-------++-------
  Melee: War axe           |    12 |    27 |    54 |    65 ||   158
 Invoke: Summon Divine War |       |       |       |     1 ||     1
  Evoke: Wand              |     1 |       |       |     1 ||     2
    Use: Potion            |       |       |     2 |     3 ||     5
         Scroll            |       |       |     1 |     4 ||     5
 Armour: Scale mail        |     3 |     5 |    16 |    18 ||    42
  Dodge: Dodged            |     3 |     6 |    12 |    16 ||    37
  Block: Buckler           |     1 |     4 |     7 |     9 ||    21
